 Dungeon Crawl Stone Soup version 0.30-a0-793-g160f7cfddd (webtiles) character file.

Game seed: 1484869640537854639

1977 Ceno the Digger (level 9, -5/52 (57) HPs)
             Began as a Formicid Earth Elementalist on Feb 20, 2023.
             Was an Elder of Zin.
             Slain by a wight
             ... wielding a +4 dire flail
              (7 damage)
             ... on level 6 of the Dungeon.
             The game lasted 00:30:52 (8485 turns).

Ceno the Digger (Formicid Earth Elementalist)       Turns: 8485, Time: 00:30:53

HP:   -5/52 (57)    AC:  2    Str: 13    XL:     9   Next: 43%
MP:   14/17         EV: 12    Int: 19    God:    Zin [****..]
Gold: 372           SH:  5    Dex: 14    Spells: 3/18 levels left

rFire   . . .      SeeInvis +    I - +2 dagger (speed)
rCold   + . .      Faith    .    (no shield)
rNeg    . . .      Spirit   .    a - +0 robe
rPois   +          Reflect  +    (helmet unavailable)
rElec   .          Harm     .    (no cloak)
rCorr   .          Rampage  .    (no gloves)
Will    .....                    (no boots)
Stlth   +++                      n - amulet of reflection
HPRegen 0.28/turn                g - ring of protection from cold
MPRegen 0.15/turn                r - ring of poison resistance

@: on recite cooldown, drained
A: permanent stasis, dig shafts and tunnels, antennae 3, four strong arms
a: Dig, Shaft Self, Renounce Religion, Recite, Vitalisation, Imprison, Donate
Gold


You were on level 6 of the Dungeon.
You worshipped Zin.
Zin was greatly pleased with you.
You visited 2 branches of the dungeon, and saw 8 of its levels.

You collected 413 gold pieces.
You donated 41 gold pieces to Zin.

Inventory:

Hand Weapons
 m - a +2 mace of holy wrath
 v - a +0 morningstar
 x - a +0 flail of protection
 I - a +2 dagger of speed (weapon)
Missiles
 e - 71 stones (quivered)
 B - 2 atropa-tipped darts
Armour
 a - a +0 robe (worn)
Jewellery
 g - a ring of protection from cold (left hand)
 l - a ring of fire
 n - an amulet of reflection (around neck)
 o - a ring of flight
 p - an amulet of guardian spirit
 r - a ring of poison resistance (right hand)
 A - a ring of protection from cold
 C - a +6 ring of intelligence
 D - an amulet of the acrobat
Wands
 b - a wand of flame (31)
Scrolls
 d - a scroll of enchant weapon {unknown}
 f - 2 scrolls of immolation {unknown}
 h - a scroll of silence
 k - a scroll of teleportation
 q - a scroll of vulnerability {unknown}
 s - a scroll of poison {unknown}
 u - a scroll of summoning {unknown}
 y - a scroll of fog {unknown}
 E - a scroll of amnesia {unknown}
 G - a scroll of blinking {unknown}
 H - a scroll of noise {unknown}
Potions
 c - 3 potions of mutation
 j - 2 potions of attraction
 t - a potion of might
 w - a potion of heal wounds
 z - 2 potions of brilliance
 F - a potion of curing


   Skills:
 - Level 1.7 Dodging
 - Level 5.0 Stealth
 + Level 5.4 Spellcasting
 - Level 5.0 Conjurations
 - Level 5.0 Transmutations
 + Level 7.9 Earth Magic
 + Level 4.2 Invocations


You had 3 spell levels left.
You knew the following spells:

 Your Spells              Type           Power      Damage    Failure   Level
a - Sandblast             Erth           70%        2d15      1%          1
b - Lee's Rapid Deconstr  Erth           17%        3d11*     13%         5
c - Stone Arrow           Conj/Erth      58%        3d10      2%          3
d - Petrify               Tmut/Erth      29%        N/A       9%          4
e - Passwall              Tmut/Erth      24%        N/A       1%          2

Your spell library contained the following spells:

 Spells                   Type           Power      Damage    Failure   Level
 Static Discharge         Conj/Air       28%        2-4/arc   6%          2
 Apportation              Tloc           10%        N/A       12%         1
 Slow                     Hex            20%        N/A       12%         1
 Cigotuvi's Dreadful Rot  Necr/Pois/Air  10%        N/A       19%         2
 Confusing Touch          Hex            5%         N/A       34%         3
 Summon Guardian Golem    Hex/Summ       5%         N/A       34%         3
 Vampiric Draining        Necr           5%         2d6       34%         3
 Vhi's Electric Charge    Tloc/Air       10%        N/A       34%         3
 Leda's Liquefaction      Hex/Erth       10%        N/A       24%         4
 Airstrike                Air            2%         2d(1-17)  75%         4
 Dispel Undead            Necr           5%         3d7       75%         4
 Summon Lightning Spire   Summ/Air       5%         N/A       75%         4
 Alistair's Intoxication  Tmut/Pois      9%         N/A       75%         5
 Arcjolt                  Conj/Air       7%         1d17      75%         5
 Lightning Bolt           Conj/Air       7%         1d19      75%         5
 Statue Form              Tmut/Erth      19%        N/A       78%         6
 Death Channel            Necr           2%         N/A       100%        6
 Orb of Destruction       Conj           12%        9d7       100%        7
 Spellforged Servitor     Conj/Summ      7%         N/A       100%        7
 Maxwell's Capacitive Co  Air            2%         ∞         100%        8


Dungeon Overview and Level Annotations

Branches:
Dungeon (7/15)             Temple (1/1) D:5

Altars:
Ashenzari
Cheibriados
Dithmenos
Elyvilon
Fedhas
Gozag
Hepliaklqana
Kikubaaqudgha
Makhleb
Nemelex Xobeh
Okawaru
Qazlal
Ru
Sif Muna
Trog
Uskayaw
Vehumet
Wu Jian
Xom
Yredelemnul
Zin
The Shining One

Annotations:
D:4 exclusion: black bear


Innate Abilities, Weirdness & Mutations

You cannot be hasted, slowed, berserked, paralysed or teleported.
You can dig through walls and to a lower floor.
You have a pair of large antennae on your head. (SInv)
Your four strong arms can wield two-handed weapons with a shield.


Message History

Aiming: Stone Arrow (dangerous; 2% risk of failure)
Press: ? - help, Shift-Dir - straight line, f/p - wight
Aim: a wight, wielding a +4 dire flail and wearing a +0 robe (softly glowing, 81% to hit)
Okay, then.
Casting: Stone Arrow (dangerous; 2% risk of failure)
Confirm with . or Enter, or press ? or * to list all spells.
Aiming: Sandblast (safe; 1% risk of failure)
Press: ? - help, Shift-Dir - straight line, f/p - wight
Aim: a wight, wielding a +4 dire flail and wearing a +0 robe (softly glowing, 87% to hit)
The blast of sand hits the wight.
The wight is lightly damaged.
The wight attacks as you move away!
The wight hits you with a +4 dire flail.
There is a stone staircase leading down here.
The wight hits you with a +4 dire flail!
You feel drained.
There is a stone staircase leading up, spattered with blood here.
The wight hits you with a +4 dire flail.
You climb upwards.
There is a stone staircase leading down, spattered with blood here.
Casting: Sandblast (safe; 1% risk of failure)
Confirm with . or Enter, or press ? or * to list all spells.
Aiming: Sandblast (safe; 1% risk of failure)
Press: ? - help, Shift-Dir - straight line, f - wight
Aim: a wight, wielding a +4 dire flail and wearing a +0 robe (lightly damaged, softly glowing, 87% to hit)
The blast of sand hits the wight!
The wight is almost destroyed.
The wight hits you with a +4 dire flail!
* * * LOW HITPOINT WARNING * * *
Casting: Sandblast (safe; 1% risk of failure)
Confirm with . or Enter, or press ? or * to list all spells.
Aiming: Sandblast (safe; 1% risk of failure)
Press: ? - help, Shift-Dir - straight line, f/p - wight
Aim: a wight, wielding a +4 dire flail and wearing a +0 robe (almost destroyed, softly glowing, 87% to hit)
The blast of sand hits the wight but does no damage.
The wight is almost destroyed.
The wight hits you with a +4 dire flail!
* * * LOW HITPOINT WARNING * * *
You feel drained.
You die...

#.....>....#..##..##..
#..........#..###+##..
#######.........######..##..
##....##<....##..##..##......
#.....####'####......##..##..
#....................###+##..
#............................
##....##....[................
######.....@z.......##..##..
#.#'#####......######'#
#.......#..........#...
#.......#..........#...
######.......'..........#...
##....#.......##'##..##..####
#.....#.......#..######..##..
#.....#.......'...........#..
#.....'.......#...........#..


You could see a wight (corona).

Vanquished Creatures
  An orc warrior (D:7)
  2 ice beasts
  An ogre (D:4)
  2 phantoms
  2 bullfrogs (D:6)
  4 scorpions
  7 wights
  A jelly (D:5)
  4 hounds
  3 orc priests
  6 iguanas
  5 orc wizards
  9 adders
  A shadow imp (D:5)
  A white imp (D:5)
  An ufetubus (D:6)
  A worm (D:2)
  A dart slug (D:4)
  19 orcs
  9 ball pythons
  10 bats
  3 endoplasms
  3 giant cockroaches (D:2)
  8 goblins
  7 hobgoblins
  16 jackals
  8 quokkas
  9 frilled lizards
  4 kobolds
  6 rats
154 creatures vanquished.

Vanquished Creatures (others)
  5 plants (D:3)
5 creatures vanquished.

Grand Total: 159 creatures vanquished

Notes
Turn   | Place    | Note
-------+----------+-------------------------------------------
     0 | D:1      | Ceno the Formicid Earth Elementalist began the quest for
                  | the Orb.
     0 | D:1      | Reached XP level 1. HP: 13/13 MP: 3/3
   165 | D:1      | Reached XP level 2. HP: 19/19 MP: 3/5
   319 | D:1      | Found a faded altar of an unknown god.
   452 | D:1      | Learned a level 2 spell: Passwall
   527 | D:1      | Reached XP level 3. HP: 24/24 MP: 4/6
   531 | D:1      | Learned a level 3 spell: Stone Arrow
  1331 | D:2      | Reached skill level 5 in Stealth
  1344 | D:2      | Reached XP level 4. HP: 30/30 MP: 2/7
  2423 | D:3      | Found an ornate altar of the Wu Jian Council.
  2425 | D:3      | Found a stormy altar of Qazlal.
  2426 | D:3      | Found a blossoming altar of Fedhas.
  2426 | D:3      | Found a glowing golden altar of the Shining One.
  2426 | D:3      | Found a glowing silver altar of Zin.
  2426 | D:3      | Found an opulent altar of Gozag.
  2426 | D:3      | Found a broken altar of Ashenzari.
  2427 | D:3      | Found a snail-covered altar of Cheibriados.
  2443 | D:3      | Became a worshipper of Zin the Law-Giver
  2443 | D:3      | Reached * piety under Zin
  2479 | D:3      | You are sucked into a shaft and drop 2 floors!
  2479 | D:5      | Entered Level 5 of the Dungeon
  2484 | D:5      | Noticed a scorpion
  2737 | D:3      | Reached skill level 4 in Earth Magic
  2737 | D:3      | Reached XP level 5. HP: 35/35 MP: 6/9
  2969 | D:3      | Reached skill level 1 in Conjurations
  3075 | D:4      | Found a sparkling altar of Nemelex Xobeh.
  3321 | D:4      | Noticed an ogre
  3517 | D:4      | Noticed a black bear
  3603 | D:4      | Reached ** piety under Zin
  3902 | D:4      | Killed an ogre
  3903 | D:4      | Reached XP level 6. HP: 41/41 MP: 5/12
  3909 | D:4      | Learned a level 4 spell: Petrify
  4699 | D:5      | Found a staircase to the Ecumenical Temple.
  4716 | D:5      | Reached skill level 5 in Earth Magic
  4716 | D:5      | Reached XP level 7. HP: 46/46 MP: 3/13
  4723 | Temple   | Entered the Ecumenical Temple
  5416 | D:5      | Reached XP level 8. HP: 48/52 MP: 9/14
  5811 | D:5      | Reached skill level 6 in Earth Magic
  6103 | D:6      | Reached *** piety under Zin
  6256 | D:6      | Reached skill level 5 in Conjurations
  6300 | D:6      | Reached skill level 1 in Invocations
  6379 | D:6      | Learned a level 5 spell: Lee's Rapid Deconstruction
  7116 | D:6      | Reached skill level 7 in Earth Magic
  7116 | D:6      | Reached XP level 9. HP: 41/57 MP: 12/15
  7460 | D:7      | Reached **** piety under Zin
  7513 | D:6      | HP: 2/56 [orc wizard/+0 dagger (3)]
  7708 | D:7      | Reached skill level 5 in Transmutations
  7892 | D:7      | Reached skill level 5 in Spellcasting
  8286 | D:6      | HP: 2/53 [wight/+2 long sword (8)]
  8485 | D:6      | HP: 2/54 [wight/+4 dire flail (15)]
  8485 | D:6      | Slain by a wight

Illustrated notes

Levels and vault maps discovered:
D:1:      dpeg_arrival_long_road, layout_loops_ring,
          chequers_ecumenical_altar_island, nicolae_eternal_life,
          serial_bayou_pond_e, dreamdust_princess_bridge,
          nicolae_concentric_dashed_squares_mild, grunt_decor_fettered
D:2:      layout_basic, nicolae_kite_square_tiling_tiny
D:3:      layout_basic, grunt_temple_overflow_open, minmay_lizard_king
D:4:      layout_loops_corners, old_standard_altar
D:5:      layout_basic, minmay_temple_entry_statues_fountains
D:6:      layout_gridville
D:7:      layout_cave_pods, serial_shops, kennysheep_mini_moat
Temple:   nicolae_temple_bog_church

Skill      XL: |  1  2  3  4  5  6  7  8  9 |
---------------+----------------------------+-----
Stealth        | 3 4 5 |  5.0
Spellcasting   | 3 4 5 |  5.4
Earth Magic    | 4 5 7 |  7.9
Conjurations   | 2 4 5 |  5.0
Transmutations | 3 4 5 |  5.0
Invocations    | 2 4 |  4.2
Dodging        | |  1.7

Action                     |  1- 3 |  4- 6 |  7- 9 || total
---------------------------+-------+-------+-------++-------
  Melee: Dagger            |     3 |    26 |    12 ||    41
  Throw: Stone             |     3 |     5 |     4 ||    12
         Dart              |       |       |     1 ||     1
   Cast: Sandblast         |    41 |    76 |   108 ||   225
         Passwall          |     2 |    10 |     2 ||    14
         Stone Arrow       |       |     3 |    26 ||    29
         Petrify           |       |       |     5 ||     5
 Invoke: Recite            |       |       |     4 ||     4
    Use: Scroll            |       |     2 |     6 ||     8
         Potion            |       |       |     1 ||     1
   Stab: Sleeping          |     3 |    14 |     3 ||    20
         Petrified         |       |       |     1 ||     1
 Armour: Robe              |     1 |     5 |     6 ||    12
  Dodge: Dodged            |     3 |    33 |    42 ||    78
  Block: Other             |       |    17 |    16 ||    33
         Reflection        |       |     3 |     1 ||     4

Table legend: (Time is in decaauts)
 A = Elapsed time spent in this place.
 B = Non-inter-level travel time spent in this place.
 C = Inter-level travel time spent in this place.
 D = Time resting spent in this place.
 E = Time spent auto-exploring this place.
 F = Levels seen in this place.
 G = Mean time per level.
                   A        B        C        D        E       F      G
               +--------+--------+--------+--------+--------+-----+--------+
         Total |   8611 |   8304 |    307 |   2242 |   3755 |   8 | 1076.4 |
       Dungeon |   8335 |   8044 |    291 |   2242 |   3510 |   7 | 1190.7 |
        Temple |    275 |    259 |     16 |      0 |    244 |   1 |  275.0 |
               +--------+--------+--------+--------+--------+-----+--------+

Top non-repeatable levels by time:
     D:6: 2101 daAuts
     D:4: 1460 daAuts
     D:1: 1196 daAuts
     D:5: 1141 daAuts
     D:3: 1101 daAuts
     D:2: 975 daAuts
     D:7: 358 daAuts
  Temple: 275 daAuts
